 Dungeon Crawl Stone Soup version 0.23.0 (webtiles) character file.

Game seed: 10564039308227908144

66 D1HalberdGnoll the Skirmisher (level 3, -2/29 HPs)
             Began as a Demonspawn Abyssal Knight on Feb 13, 2019.
             Was a Believer of Lugonu.
             Slain by Sigmund
             ... wielding a +0 scythe
              (6 damage)
             ... on level 2 of the Dungeon.
             The game lasted 00:03:02 (1625 turns).

D1HalberdGnoll the Skirmisher (DsAK)                Turns: 1625, Time: 00:03:02

Health: -2/29      AC:  3    Str: 13    XL:     3   Next: 96%
Magic:  5/5        EV: 16    Int: 13    God:    Lugonu [**....]
Gold:   57         SH:  0    Dex: 17    Spells: 2/2 levels left

rFire    + . .     SeeInvis .   a - +1 falchion
rCold    + . .     Gourm    .   (no shield)
rNeg     . . .     Faith    .   b - +0 leather armour
rPois    +         Spirit   .   (no helmet)
rElec    +         Reflect  .   (no cloak)
rCorr    +         Harm     .   (no gloves)
MR       .....                  (no boots)
Stlth    ++........             (no amulet)
HPRegen  0.09/turn              (no ring)
MPRegen  0.09/turn              (no ring)

@: agile, resistant, flying
A: hooves 1
a: Depart the Abyss, Bend Space, Renounce Religion


You were on level 2 of the Dungeon.
You worshipped Lugonu.
Lugonu was pleased with you.
You were not hungry.

You visited 1 branch of the dungeon, and saw 2 of its levels.
You visited the Abyss 1 time.

You collected 57 gold pieces.

Inventory:

Hand Weapons
 a - a +1 falchion (weapon)
Missiles
 n - 7 tomahawks (quivered)
Armour
 b - a +0 leather armour (worn)
Jewellery
 p - a +2 ring of strength {unknown}
Scrolls
 d - 2 scrolls of teleportation {unknown}
 f - a scroll of noise {unknown}
 g - a scroll of amnesia {unknown}
 h - a scroll of remove curse {unknown}
 j - a scroll of blinking {unknown}
 m - a scroll of identify {unknown}
Comestibles
 c - 4 rations


   Skills:
 + Level 3.5 Fighting
 * Level 3.0 Long Blades
 - Level 1.7 Armour
 - Level 0.8 Dodging
 + Level 3.4 Invocations


You had 2 spell levels left.
You didn't know any spells.
Your spell library was empty.

Dungeon Overview and Level Annotations

Branches:
Dungeon (2/15)

Altars:

Annotations:
D:2 Sigmund


Innate Abilities, Weirdness & Mutations

You have large cloven feet.


Message History

You miss something. Your kick misses something. Something hits you!
* * * LOW HITPOINT WARNING * * *
You bump into the rock wall.
You bump into the rock wall.
You feel less invigorated.
You feel less confused. Something hits you!
* * * LOW HITPOINT WARNING * * *
You slash something! Your kick misses something.
You hear some strange, mumbled words.
Something tries to affect you, but you resist.
You slash something! Your kick misses something.
Something completely misses you.
You hit something but do no damage. You kick something. Something hits you.
* * * LOW HITPOINT WARNING * * *
You hit something but do no damage. You kick something.
You hit something but do no damage. Your kick misses something.
Something hits you!
* * * LOW HITPOINT WARNING * * *
Something hits you.
You die...

#. #.# #.### #.#..
######.#.# #......#.#
#......#.##.####
#......@.{......
#...†..#.##.####
##+......#... .##.
...#####.###### ..#.
#............# #.#.
####.#####†###+## ....
...≈≈≈............
#..#####.≈≈≈≈≈≈.......
#.>.......≈..≈≈≈≈.....


There were no monsters in sight!

Vanquished Creatures
  An adder (D:2)
  2 oozes (D:1)
  2 worms (D:1)
  2 ball pythons (D:1)
  7 giant cockroaches
  5 goblins
  A hobgoblin (D:1)
  2 jackals (D:1)
  6 bats (D:1)
  2 frilled lizards
  6 kobolds (D:1)
  6 rats (D:1)
42 creatures vanquished.

Notes
Turn   | Place    | Note
-------+----------+-------------------------------------------
     0 | Abyss:1  | D1HalberdGnoll the Demonspawn Abyssal Knight began the
                  | quest for the Orb.
     0 | Abyss:1  | Reached XP level 1. HP: 18/18 MP: 2/2
    33 | Abyss:1  | Noticed a small abomination
    34 | D:1      | Escaped the Abyss
    36 | D:1      | Found a runed translucent door.
   346 | D:1      | Reached * piety under Lugonu
   351 | D:1      | Gained mutation: You have large cloven feet. [demonic
                  | ancestry]
   351 | D:1      | Reached XP level 2. HP: 20/24 MP: 4/4
  1044 | D:1      | Reached XP level 3. HP: 29/29 MP: 5/5
  1560 | D:2      | Reached ** piety under Lugonu
  1609 | D:2      | Noticed Sigmund
  1625 | D:2      | Slain by Sigmund

Skill      XL: |  1  2  3 |
---------------+----------+-----
Long Blades    | 2 3 |  3.0
Invocations    | 3 |  3.4
Fighting       | |  3.5
Armour         | |  1.7
Dodging        | |  0.8

Action                   || total
-------------------------++-------
Melee: Falchion          ||   115
       Kick              ||    22
Invok: Depart the Abyss  ||     1
  Use: Potion            ||     6
  Eat: Ration            ||     1
Armor: Leather armour    ||    40
Dodge: Dodged            ||    78
       Rpst.: Falchion   ||    19
